NULL
Full Scoreboard »»

Coyotes vs Blackhawks

Created - November 26, 2023 at 21:44

Goals
1 2 3 T
Coyotes 0 0 4 4
Blackhawks 0 1 0 1
Shots
1 2 3 T
Coyotes 11 3 21 35
Blackhawks 10 13 9 32

GoalsPenalties
1st period
No Goal
Marcus Pettersson (CHI) for Fighting (Major) at 8:22
Jason Zucker (ARI) for Fighting (Major) at 8:22
Mason Shaw (CHI) for Fighting (Major) at 8:32
Tomas Tatar (ARI) for Fighting (Major) at 8:32
Mason Shaw (CHI) for instigated a fight (Minor) at 8:32
Mason Shaw (CHI) for instigated a fight (10 Minutes Misconduct) at 8:32
Oliver Wahlstrom (CHI) for Holding (Minor) at 12:33
Tom Wilson (CHI) for Fighting (Major) at 15:35
Alexander Barabanov (ARI) for Fighting (Major) at 15:35
2nd period
1. Blackhawks , Artemi Panarin 2 (Pavel Buchnevich 2, Vincent Trocheck 3) at 19:36 (PP)
Tom Wilson (CHI) for High sticking (Minor) at 4:12
Mason Shaw (CHI) for Fighting (Major) at 6:26
Robby Fabbri (ARI) for Fighting (Major) at 6:26
Nick Jensen (CHI) for Fighting (Major) at 8:55
Jonathan Drouin (ARI) for Fighting (Major) at 8:55
Evgeny Kuznetsov (ARI) for Holding Stick (Minor) at 19:27
Rasmus Dahlin (CHI) for Hooking (Minor) at 19:47
3rd period
2. Coyotes , Jason Zucker 4 (Scott Laughton 4) at 2:41
3. Coyotes , Jason Zucker 5 (Scott Laughton 5) at 3:29
4. Coyotes , Jonathan Drouin 1 (Robby Fabbri 1) at 3:42
5. Coyotes , Patric Hornqvist 1 (Olli Maatta 1, Steven Lorentz 1) at 15:22
Rasmus Dahlin (CHI) for Hooking (Minor) at 17:55
Goalie Stats
Vitek Vanecek (ARI), 31 saves from 32 shots - (0.969), W, 4-2-0, 60:00 minutes
Pyotr Kochetkov (CHI), 31 saves from 35 shots - (0.886), L, 2-4-0, 60:00 minutes
3 StarsOfficial
1 - Vitek Vanecek (ARI)
2 - Scott Laughton (ARI)
3 - Jason Zucker (ARI)
Referees : Unknown
Linesman : Unknown
Game Note
Marcus Pettersson and Jason Zucker fight to a draw at 8:22 of 1st period
Tomas Tatar beats up Mason Shaw at 8:32 of 1st period
Mathieu Perreault is injured at 10:56 of 1st period (Bruised Right Foot)
Tom Wilson beats up Alexander Barabanov at 15:35 of 1st period
Mason Shaw beats up Robby Fabbri at 6:26 of 2nd period
Nick Jensen beats up Jonathan Drouin at 8:55 of 2nd period



Team Name Goals Shots Shots Attemp Shots Blocked PIM HIT PP PK FO%
Coyotes 435591827340 / 5 (0%)161%
Blackhawks 13274845301 / 1 (100%)039%

Coyotes
Player Name POS G A P +/- PIM HIT SHT SB MP PP MP PP SHT PK MP PK SHT FO% FOT GA TA
Alexander BarabanovRW0002503116:004:3000:0000% 011
Colin WhiteC0002015018:490:0000:00053% 1510
Connor CliftonD0000000414:030:0000:0000% 000
Darnell NurseD0001042118:064:5400:0000% 001
Evgeny KuznetsovC/LW/RW0000231122:295:4100:0000% 030
Ivan ProvorovD0001021218:154:5400:0900% 000
Jason ZuckerLW/RW2022533015:213:0700:000100% 100
Jonathan DrouinC/LW/RW1011504011:300:4800:0000% 020
Marco ScandellaD0000041114:120:0000:0900% 000
Mathieu PerreaultC/LW000000002:260:0600:0000% 000
Matt DucheneC/LW/RW0000013218:075:3100:00071% 1700
Olli MaattaD0113020227:425:0100:0000% 001
Patric HornqvistLW/RW1011043114:210:2200:0000% 020
Robby FabbriC/LW/RW0111512112:291:1400:0900% 100
Scott LaughtonC/LW0222042017:074:2410:09057% 2110
Steven LorentzC0111013015:130:0000:00067% 1500
T.J. BrodieD0003020227:425:0100:0000% 001
Tomas TatarC/LW/RW0000522015:534:0210:00050% 200
Blackhawks
Player Name POS G A P +/- PIM HIT SHT SB MP PP MP PP SHT PK MP PK SHT FO% FOT GA TA
Artemi PanarinLW/RW101-1025119:280:0914:47060% 502
Colton SissonsC/RW0000031114:390:0000:0000% 100
Erik BrannstromD000-1003119:180:0003:2400% 002
Jake GardinerD0000001020:440:0905:3000% 000
Keith YandleD000-1031018:160:0000:1700% 001
Marcus PetterssonD000-3522123:030:0003:1900% 010
Marian StudenicRW000-100006:480:0000:0000% 000
Mason McTavishC000-1001112:040:0000:02050% 410
Mason ShawC/LW/RW000-2221008:330:0000:0000% 000
Mike HoffmanC/LW/RW000-2003116:130:0000:02021% 1901
Nick JensenD0000511117:450:0904:5400% 001
Oliver WahlstromRW000-2221014:410:0000:0000% 100
Parker KellyC/LW/RW000-104106:480:0000:0000% 000
Pavel BuchnevichC/LW/RW011-1034018:510:0904:47032% 1900
Rasmus DahlinD000-3442121:240:0002:4000% 011
Ryan HartmanC/LW/RW0000023020:080:0005:06056% 1601
Tom WilsonLW/RW0000711012:370:0000:0000% 011
Vincent TrocheckC/LW/RW011-1022018:500:0905:06057% 700

Coyotes

5 vs 5 Forward
Line #Left WingCenterRight WingPHYDFOFWanted %Time %Time Play
1Tomas TatarMatt DucheneEvgeny Kuznetsov2122525%12:36
2Jason ZuckerScott LaughtonAlexander Barabanov2122525%12:34
3Robby FabbriColin WhiteJonathan Drouin2122525%12:25
4Mathieu PerreaultSteven LorentzPatric Hornqvist2122525%12:21
5 vs 5 Defense
Line #DefenseDefensePHYDFOFWanted %Time %Time Play
1Ivan ProvorovDarnell Nurse2212526%13:12
2Olli MaattaT.J. Brodie2212522%11:10
3Marco ScandellaConnor Clifton2212528%14:03
4Olli MaattaT.J. Brodie2212523%11:31
Power Play Forward
Line #Left WingCenterRight WingPHYDFOFWanted %Time %Time Play
1Evgeny KuznetsovMatt DucheneTomas Tatar2125056%5:31
2Jason ZuckerScott LaughtonAlexander Barabanov2125044%4:24
Power Play Defense
Line #DefenseDefensePHYDFOFWanted %Time %Time Play
1Darnell NurseIvan Provorov2215049%4:54
2T.J. BrodieOlli Maatta2215051%5:01
Penalty Kill 4 Players Forward
Line #CenterWingPHYDFOFWanted %Time %Time Play
1Robby FabbriScott Laughton11350100%0:09
2Colin WhiteMathieu Perreault113500%0:00
Penalty Kill 4 Players Defense
Line #DefenseDefensePHYDFOFWanted %Time %Time Play
1Connor CliftonOlli Maatta131500%0:00
2Ivan ProvorovMarco Scandella13150100%0:09
Penalty Kill 3 Players
Line #WingPHYDFOFWanted %Time %Time PlayDefenseDefensePHYDFOFWanted %Time %Time Play
1Colin White113500%0:00 Connor CliftonOlli Maatta131500%0:00
2Patric Hornqvist113500%0:00 T.J. BrodieMarco Scandella131500%0:00
4 vs 4 Forward
Line #CenterWingPHYDFOFWanted %Time %Time Play
1Matt DucheneTomas Tatar113500%0:00
2Evgeny KuznetsovJason Zucker113500%0:00
4 vs 4 Defense
Line #DefensePHYDFOFWanted %Time %Time Play
1Olli MaattaT.J. Brodie131500%0:00
2Ivan ProvorovMarco Scandella131500%0:00
Last Minutes Offensive
Left WingCenterRight WingDefenseDefense
Evgeny KuznetsovMatt DucheneTomas TatarOlli MaattaIvan Provorov
Last Minutes Defensive
Left WingCenterRight WingDefenseDefense
Jonathan DrouinScott LaughtonJason ZuckerDarnell NurseT.J. Brodie
Time
Total ForwardTotal DefenseLast Minutes OffensiveLast Minutes Defensive
60:00 60:00 0:000:00
Extra Forwards
Normal PowerPlayPenalty Kill
Steven Lorentz, Patric Hornqvist, Colin WhiteEvgeny Kuznetsov, Robby FabbriPatric Hornqvist
Extra Defensemen
Normal PowerPlayPenalty Kill
T.J. Brodie, Olli Maatta, Connor CliftonDarnell Nurse, Marco ScandellaConnor Clifton
Penalty Shots
Matt Duchene, Evgeny Kuznetsov, Tomas Tatar, Jonathan Drouin, Alexander Barabanov
Goalie
Vitek Vanecek, Kaapo Kahkonen
Custom OT Lines Forwards
Evgeny Kuznetsov, Jonathan Drouin, Matt Duchene, Tomas Tatar, Jason Zucker, Alexander Barabanov, Scott Laughton, Colin White, Robby Fabbri, Steven Lorentz
Custom OT Lines Defensemen
Ivan Provorov, T.J. Brodie, Darnell Nurse, Marco Scandella, Olli Maatta
Scratches
Brendan Smith (Healthy), Devin Shore (Healthy), Haydn Fleury (Healthy)

Blackhawks

5 vs 5 Forward
Line #Left WingCenterRight WingPHYDFOFWanted %Time %Time Play
1Artemi PanarinPavel BuchnevichVincent Trocheck1223028%14:07
2Tom WilsonRyan HartmanColton Sissons1223030%15:02
3Mason ShawMike HoffmanOliver Wahlstrom1223028%13:59
4Parker KellyMason McTavishMarian Studenic1221014%6:48
5 vs 5 Defense
Line #DefenseDefensePHYDFOFWanted %Time %Time Play
1Rasmus DahlinMarcus Pettersson1223030%15:09
2Jake GardinerNick Jensen1223031%15:26
3Keith YandleErik Brannstrom1223031%15:19
4Rasmus DahlinMarcus Pettersson122108%4:02
Power Play Forward
Line #Left WingCenterRight WingPHYDFOFWanted %Time %Time Play
1Artemi PanarinPavel BuchnevichVincent Trocheck12250100%0:09
2Tom WilsonRyan HartmanColton Sissons122500%0:00
Power Play Defense
Line #DefenseDefensePHYDFOFWanted %Time %Time Play
1Rasmus DahlinMarcus Pettersson122500%0:00
2Jake GardinerNick Jensen12250100%0:09
Penalty Kill 4 Players Forward
Line #CenterWingPHYDFOFWanted %Time %Time Play
1Artemi PanarinPavel Buchnevich1225049%4:49
2Vincent TrocheckRyan Hartman1225051%5:06
Penalty Kill 4 Players Defense
Line #DefenseDefensePHYDFOFWanted %Time %Time Play
1Rasmus DahlinMarcus Pettersson1225051%5:01
2Jake GardinerNick Jensen1225049%4:54
Penalty Kill 3 Players
Line #WingPHYDFOFWanted %Time %Time PlayDefenseDefensePHYDFOFWanted %Time %Time Play
1Artemi Panarin122500%0:00 Rasmus DahlinMarcus Pettersson122500%0:00
2Pavel Buchnevich122500%0:00 Jake GardinerNick Jensen122500%0:00
4 vs 4 Forward
Line #CenterWingPHYDFOFWanted %Time %Time Play
1Artemi PanarinPavel Buchnevich122500%0:00
2Vincent TrocheckRyan Hartman122500%0:00
4 vs 4 Defense
Line #DefensePHYDFOFWanted %Time %Time Play
1Rasmus DahlinMarcus Pettersson122500%0:00
2Jake GardinerNick Jensen122500%0:00
Last Minutes Offensive
Left WingCenterRight WingDefenseDefense
Artemi PanarinPavel BuchnevichVincent TrocheckRasmus DahlinMarcus Pettersson
Last Minutes Defensive
Left WingCenterRight WingDefenseDefense
Artemi PanarinPavel BuchnevichVincent TrocheckRasmus DahlinMarcus Pettersson
Time
Total ForwardTotal DefenseLast Minutes OffensiveLast Minutes Defensive
60:00 60:00 0:000:00
Extra Forwards
Normal PowerPlayPenalty Kill
Mike Hoffman, Oliver Wahlstrom, Mason McTavishMike Hoffman, Oliver WahlstromMason McTavish
Extra Defensemen
Normal PowerPlayPenalty Kill
Keith Yandle, Erik Brannstrom, Jake GardinerKeith Yandle, Erik BrannstromJake Gardiner
Penalty Shots
Artemi Panarin, Pavel Buchnevich, Vincent Trocheck, Ryan Hartman, Tom Wilson
Goalie
Pyotr Kochetkov, Daniel Vladar
Custom OT Lines Forwards
Artemi Panarin, Pavel Buchnevich, Vincent Trocheck, Ryan Hartman, Tom Wilson, Colton Sissons, Mike Hoffman, , Mason McTavish, Mason Shaw
Custom OT Lines Defensemen
Rasmus Dahlin, Marcus Pettersson, Jake Gardiner, Nick Jensen, Keith Yandle
Scratches
Alexander Ljungkrantz (Healthy), Artem Grushnikov (Healthy)


Play-by-Play

1st period


0:01 of 1st period - Tomas Tatar wins face-off versus Pavel Buchnevich in neutral zone.
0:26 of 1st period - Artemi Panarin is hit by Robby Fabbri and loses puck.
1:10 of 1st period - Mason Shaw is hit by Scott Laughton and loses puck.
1:43 of 1st period - Olli Maatta is hit by Parker Kelly and loses puck.
1:54 of 1st period - Colton Sissons is hit by Olli Maatta.
2:18 of 1st period - T.J. Brodie is hit by Mason Shaw and loses puck.
2:35 of 1st period - Snap shot by Alexander Barabanov.
2:35 of 1st period - Stopped by Pyotr Kochetkov without a rebound.
2:36 of 1st period - Ryan Hartman wins face-off versus Scott Laughton in Blackhawks zone.
2:36 of 1st period - Ryan Hartman is hit by Scott Laughton.
2:58 of 1st period - Tom Wilson is hit by Marco Scandella and loses puck.
3:55 of 1st period - Slapshot by Jake Gardiner.
3:55 of 1st period - Shot Blocked by Matt Duchene.
4:13 of 1st period - T.J. Brodie is hit by Parker Kelly and loses puck.
4:20 of 1st period - Parker Kelly is hit by Scott Laughton.
4:30 of 1st period - Parker Kelly is hit by Colin White and loses puck.
4:47 of 1st period - Mike Hoffman is hit by Patric Hornqvist and loses puck.
5:06 of 1st period - Erik Brannstrom is hit by Matt Duchene and loses puck.
5:13 of 1st period - Snap shot by Evgeny Kuznetsov.
5:13 of 1st period - Stopped by Pyotr Kochetkov with a rebound.
6:30 of 1st period - Wrist shot by Colin White.
6:30 of 1st period - Deflect By Robby Fabbri.
6:30 of 1st period - Stopped by Pyotr Kochetkov without a rebound.
6:31 of 1st period - Scott Laughton wins face-off versus Pavel Buchnevich in Blackhawks zone.
6:58 of 1st period - T.J. Brodie is hit by Keith Yandle and loses puck.
7:49 of 1st period - Slapshot by Jake Gardiner.
7:49 of 1st period - Shot Misses the Net.
7:51 of 1st period - Wrist shot by Parker Kelly.
7:51 of 1st period - Stopped by Vitek Vanecek with a rebound.
7:53 of 1st period - Slapshot by Nick Jensen.
7:53 of 1st period - Shot Blocked by Connor Clifton.
8:09 of 1st period - Slapshot by Scott Laughton.
8:09 of 1st period - Deflect By Alexander Barabanov.
8:09 of 1st period - Shot Blocked by Artemi Panarin.
8:09 of 1st period - Puck is out of play.
8:10 of 1st period - Ryan Hartman wins face-off versus Scott Laughton in Blackhawks zone.
8:22 of 1st period - Marcus Pettersson and Jason Zucker fight to a draw.
8:22 of 1st period - Penalty to Marcus Pettersson for Fighting.
8:22 of 1st period - Penalty to Jason Zucker for Fighting.
8:23 of 1st period - Matt Duchene wins face-off versus Mike Hoffman in neutral zone.
8:29 of 1st period - Icing by Keith Yandle.
8:30 of 1st period - Matt Duchene wins face-off versus Mike Hoffman in Blackhawks zone.
8:31 of 1st period - Wrist shot by Tomas Tatar.
8:31 of 1st period - Stopped by Pyotr Kochetkov without a rebound.
8:32 of 1st period - Mike Hoffman wins face-off versus Matt Duchene in Blackhawks zone.
8:32 of 1st period - Tomas Tatar beats up Mason Shaw.
8:32 of 1st period - Penalty to Mason Shaw for Fighting.
8:32 of 1st period - Penalty to Tomas Tatar for Fighting.
8:32 of 1st period - Penalty to Mason Shaw for instigated a fight.
8:32 of 1st period - Penalty to Mason Shaw for instigated a fight.
8:33 of 1st period - Artemi Panarin wins face-off versus Matt Duchene in Blackhawks zone.
8:33 of 1st period - Artemi Panarin is hit by Evgeny Kuznetsov.
9:03 of 1st period - Snap shot by Ryan Hartman.
9:03 of 1st period - Shot Misses the Net.
10:32 of 1st period - Penalty to Mason Shaw is over, Artemi Panarin is send on ice.
10:55 of 1st period - Mathieu Perreault is hit by Keith Yandle and loses puck.
10:56 of 1st period - Mathieu Perreault from Coyotes is injured at 10:56 of 1st period (Bruised Right Foot).
10:57 of 1st period - Matt Duchene wins face-off versus Ryan Hartman in Coyotes zone.
11:02 of 1st period - Olli Maatta is hit by Colton Sissons and loses puck.
12:09 of 1st period - Slapshot by Rasmus Dahlin.
12:09 of 1st period - Deflect By Ryan Hartman.
12:09 of 1st period - Shot Blocked by Ivan Provorov.
12:09 of 1st period - Puck is out of play.
12:10 of 1st period - Matt Duchene wins face-off versus Ryan Hartman in Coyotes zone.
12:17 of 1st period - Wrist shot by Matt Duchene.
12:17 of 1st period - Stopped by Pyotr Kochetkov without a rebound.
12:18 of 1st period - Colin White wins face-off versus Mike Hoffman in Blackhawks zone.
12:31 of 1st period - Snap shot by Jonathan Drouin.
12:31 of 1st period - Shot Blocked by Mike Hoffman.
12:33 of 1st period - Minor Penalty to Oliver Wahlstrom for Holding.
12:34 of 1st period - Vincent Trocheck wins face-off versus Scott Laughton in Blackhawks zone.
13:22 of 1st period - Penalty to Marcus Pettersson is over, Marcus Pettersson is back on ice.
14:03 of 1st period - Icing by T.J. Brodie.
14:04 of 1st period - Scott Laughton wins face-off versus Vincent Trocheck in Coyotes zone.
14:33 of 1st period - Penalty to Oliver Wahlstrom is over, Oliver Wahlstrom is back on ice.
14:39 of 1st period - Snap shot by Artemi Panarin.
14:39 of 1st period - Shot Misses the Net.
14:41 of 1st period - Wrist shot by Pavel Buchnevich.
14:41 of 1st period - Stopped by Vitek Vanecek with a rebound.
15:07 of 1st period - Snap shot by Artemi Panarin.
15:07 of 1st period - Deflect By Pavel Buchnevich.
15:07 of 1st period - Stopped by Vitek Vanecek with a rebound.
15:09 of 1st period - Wrist shot by Nick Jensen.
15:09 of 1st period - Stopped by Vitek Vanecek with a rebound.
15:13 of 1st period - Snap shot by Pavel Buchnevich.
15:13 of 1st period - Deflect By Artemi Panarin.
15:13 of 1st period - Stopped by Vitek Vanecek with a rebound.
15:15 of 1st period - Wrist shot by Pavel Buchnevich.
15:15 of 1st period - Stopped by Vitek Vanecek without a rebound.
15:16 of 1st period - Matt Duchene wins face-off versus Ryan Hartman in Coyotes zone.
15:21 of 1st period - Colton Sissons is hit by Tomas Tatar and loses puck.
15:26 of 1st period - Snap shot by Matt Duchene.
15:26 of 1st period - Stopped by Pyotr Kochetkov without a rebound.
15:27 of 1st period - Ryan Hartman wins face-off versus Scott Laughton in Blackhawks zone.
15:32 of 1st period - Slapshot by Rasmus Dahlin.
15:32 of 1st period - Shot Misses the Net.
15:34 of 1st period - Snap shot by Marcus Pettersson.
15:34 of 1st period - Shot Misses the Net.
15:35 of 1st period - Tom Wilson beats up Alexander Barabanov.
15:35 of 1st period - Penalty to Tom Wilson for Fighting.
15:35 of 1st period - Penalty to Alexander Barabanov for Fighting.
15:36 of 1st period - Mike Hoffman wins face-off versus Colin White in Coyotes zone.
15:49 of 1st period - Snap shot by Mike Hoffman.
15:49 of 1st period - Shot Misses the Net.
15:51 of 1st period - Wrist shot by Mike Hoffman.
15:51 of 1st period - Stopped by Vitek Vanecek with a rebound.
16:27 of 1st period - Colton Sissons is hit by Darnell Nurse and loses puck.
16:44 of 1st period - Snap shot by Robby Fabbri.
16:44 of 1st period - Shot Blocked by Marcus Pettersson.
16:46 of 1st period - Slapshot by Steven Lorentz.
16:46 of 1st period - Shot Blocked by Mason McTavish.
16:48 of 1st period - Slapshot by Marco Scandella.
16:48 of 1st period - Stopped by Pyotr Kochetkov with a rebound.
16:50 of 1st period - Wrist shot by Steven Lorentz.
16:50 of 1st period - Stopped by Pyotr Kochetkov with a rebound.
17:10 of 1st period - Snap shot by Artemi Panarin.
17:10 of 1st period - Stopped by Vitek Vanecek with a rebound.
17:12 of 1st period - Wrist shot by Artemi Panarin.
17:12 of 1st period - Shot Blocked by Evgeny Kuznetsov.
17:14 of 1st period - Wrist shot by Artemi Panarin.
17:14 of 1st period - Stopped by Vitek Vanecek without a rebound.
17:15 of 1st period - Steven Lorentz wins face-off versus Ryan Hartman in Coyotes zone.
17:19 of 1st period - Off-side.
17:20 of 1st period - Ryan Hartman wins face-off versus Steven Lorentz in neutral zone.
17:59 of 1st period - Snap shot by Mason McTavish.
17:59 of 1st period - Shot Blocked by Olli Maatta.
18:07 of 1st period - Slapshot by Jake Gardiner.
18:07 of 1st period - Stopped by Vitek Vanecek without a rebound.
18:08 of 1st period - Scott Laughton wins face-off versus Mike Hoffman in Coyotes zone.
18:17 of 1st period - Rasmus Dahlin is hit by Jason Zucker and loses puck.
18:28 of 1st period - T.J. Brodie is hit by Marcus Pettersson.
18:35 of 1st period - Off-side.
18:36 of 1st period - Matt Duchene wins face-off versus Colton Sissons in neutral zone.
18:59 of 1st period - Wrist shot by Colin White.
18:59 of 1st period - Stopped by Pyotr Kochetkov with a rebound.
19:01 of 1st period - Snap shot by Steven Lorentz.
19:01 of 1st period - Stopped by Pyotr Kochetkov without a rebound.
19:02 of 1st period - Steven Lorentz wins face-off versus Ryan Hartman in Blackhawks zone.
19:17 of 1st period - Snap shot by Patric Hornqvist.
19:17 of 1st period - Stopped by Pyotr Kochetkov with a rebound.
19:38 of 1st period - Marcus Pettersson is hit by Evgeny Kuznetsov and loses puck.
Goals for this period are 0 for Coyotes vs 0 for Blackhawks.
Shots for this period are 11 for Coyotes vs 10 for Blackhawks.

2nd period


0:01 of 2nd period - Matt Duchene wins face-off versus Mike Hoffman in neutral zone.
0:04 of 2nd period - Wrist shot by Mason McTavish.
0:04 of 2nd period - Shot Misses the Net.
0:26 of 2nd period - Steven Lorentz is hit by Keith Yandle and loses puck.
1:11 of 2nd period - Slapshot by Evgeny Kuznetsov.
1:11 of 2nd period - Shot Blocked by Nick Jensen.
2:12 of 2nd period - Wrist shot by Evgeny Kuznetsov.
2:12 of 2nd period - Shot Misses the Net.
2:23 of 2nd period - Off-side.
2:24 of 2nd period - Steven Lorentz wins face-off versus Mike Hoffman in neutral zone.
2:51 of 2nd period - Wrist shot by Scott Laughton.
2:51 of 2nd period - Stopped by Pyotr Kochetkov with a rebound.
3:32 of 2nd period - 10 Minutes Misconduct Penalty to Mason Shaw is over.
3:49 of 2nd period - Mason Shaw is hit by Jason Zucker and loses puck.
4:12 of 2nd period - Minor Penalty to Tom Wilson for High sticking.
4:13 of 2nd period - Vincent Trocheck wins face-off versus Scott Laughton in Blackhawks zone.
4:13 of 2nd period - Vincent Trocheck is hit by Scott Laughton.
4:23 of 2nd period - Snap shot by Scott Laughton.
4:23 of 2nd period - Stopped by Pyotr Kochetkov without a rebound.
4:24 of 2nd period - Vincent Trocheck wins face-off versus Matt Duchene in Blackhawks zone.
4:49 of 2nd period - Artemi Panarin is hit by Ivan Provorov and loses puck.
5:02 of 2nd period - Vincent Trocheck is hit by T.J. Brodie and loses puck.
6:12 of 2nd period - Penalty to Tom Wilson is over, Tom Wilson is back on ice.
6:25 of 2nd period - Snap shot by Oliver Wahlstrom.
6:25 of 2nd period - Deflect By Mike Hoffman.
6:25 of 2nd period - Stopped by Vitek Vanecek without a rebound.
6:26 of 2nd period - Colin White wins face-off versus Mike Hoffman in Coyotes zone.
6:26 of 2nd period - Mason Shaw beats up Robby Fabbri.
6:26 of 2nd period - Penalty to Mason Shaw for Fighting.
6:26 of 2nd period - Penalty to Robby Fabbri for Fighting.
6:27 of 2nd period - Matt Duchene wins face-off versus Mike Hoffman in Coyotes zone.
6:35 of 2nd period - Off-side.
6:36 of 2nd period - Matt Duchene wins face-off versus Mike Hoffman in neutral zone.
8:02 of 2nd period - Olli Maatta is hit by Marcus Pettersson and loses puck.
8:19 of 2nd period - Snap shot by Rasmus Dahlin.
8:19 of 2nd period - Shot Blocked by Matt Duchene.
8:50 of 2nd period - Off-side.
8:51 of 2nd period - Colin White wins face-off versus Artemi Panarin in neutral zone.
8:55 of 2nd period - Nick Jensen beats up Jonathan Drouin.
8:55 of 2nd period - Penalty to Nick Jensen for Fighting.
8:55 of 2nd period - Penalty to Jonathan Drouin for Fighting.
8:56 of 2nd period - Pavel Buchnevich wins face-off versus Steven Lorentz in Blackhawks zone.
8:56 of 2nd period - Pavel Buchnevich is hit by Steven Lorentz.
9:08 of 2nd period - Snap shot by Pavel Buchnevich.
9:08 of 2nd period - Stopped by Vitek Vanecek without a rebound.
9:09 of 2nd period - Pavel Buchnevich wins face-off versus Scott Laughton in Coyotes zone.
9:12 of 2nd period - Snap shot by Vincent Trocheck.
9:12 of 2nd period - Stopped by Vitek Vanecek with a rebound.
9:36 of 2nd period - Tom Wilson is hit by Patric Hornqvist and loses puck.
9:44 of 2nd period - Off-side.
9:45 of 2nd period - Ryan Hartman wins face-off versus Colin White in neutral zone.
9:52 of 2nd period - Slapshot by Rasmus Dahlin.
9:52 of 2nd period - Shot Blocked by Patric Hornqvist.
9:54 of 2nd period - Wrist shot by Marcus Pettersson.
9:54 of 2nd period - Stopped by Vitek Vanecek without a rebound.
9:55 of 2nd period - Ryan Hartman wins face-off versus Colin White in Coyotes zone.
10:10 of 2nd period - Snap shot by Steven Lorentz.
10:10 of 2nd period - Shot Misses the Net.
10:36 of 2nd period - Snap shot by Colin White.
10:36 of 2nd period - Stopped by Pyotr Kochetkov without a rebound.
10:37 of 2nd period - Scott Laughton wins face-off versus Pavel Buchnevich in Blackhawks zone.
11:54 of 2nd period - Snap shot by Vincent Trocheck.
11:54 of 2nd period - Shot Blocked by Marco Scandella.
11:56 of 2nd period - Slapshot by Parker Kelly.
11:56 of 2nd period - Shot Blocked by Connor Clifton.
11:58 of 2nd period - Slapshot by Mason McTavish.
11:58 of 2nd period - Shot Misses the Net.
12:23 of 2nd period - Icing by Artemi Panarin.
12:24 of 2nd period - Steven Lorentz wins face-off versus Pavel Buchnevich in Blackhawks zone.
14:34 of 2nd period - Snap shot by Mason McTavish.
14:34 of 2nd period - Shot Blocked by Ivan Provorov.
14:36 of 2nd period - Slapshot by Erik Brannstrom.
14:36 of 2nd period - Stopped by Vitek Vanecek without a rebound.
14:37 of 2nd period - Colin White wins face-off versus Oliver Wahlstrom in Coyotes zone.
15:02 of 2nd period - Darnell Nurse is hit by Oliver Wahlstrom and loses puck.
15:13 of 2nd period - Slapshot by Rasmus Dahlin.
15:13 of 2nd period - Shot Misses the Net.
15:15 of 2nd period - Wrist shot by Mike Hoffman.
15:15 of 2nd period - Stopped by Vitek Vanecek with a rebound.
15:17 of 2nd period - Slapshot by Mike Hoffman.
15:17 of 2nd period - Deflect By Oliver Wahlstrom.
15:17 of 2nd period - Shot Blocked by Darnell Nurse.
15:17 of 2nd period - Puck is out of play.
15:18 of 2nd period - Pavel Buchnevich wins face-off versus Steven Lorentz in Coyotes zone.
15:31 of 2nd period - Slapshot by T.J. Brodie.
15:31 of 2nd period - Shot Misses the Net.
16:01 of 2nd period - Jason Zucker is hit by Parker Kelly and loses puck.
16:06 of 2nd period - Snap shot by Mason McTavish.
16:06 of 2nd period - Stopped by Vitek Vanecek without a rebound.
16:07 of 2nd period - Steven Lorentz wins face-off versus Pavel Buchnevich in Coyotes zone.
16:07 of 2nd period - Steven Lorentz is hit by Rasmus Dahlin.
16:20 of 2nd period - Ivan Provorov is hit by Rasmus Dahlin and loses puck.
16:33 of 2nd period - Artemi Panarin is hit by Evgeny Kuznetsov and loses puck.
16:40 of 2nd period - Matt Duchene is hit by Vincent Trocheck.
16:56 of 2nd period - T.J. Brodie is hit by Colton Sissons and loses puck.
17:03 of 2nd period - Wrist shot by Ryan Hartman.
17:03 of 2nd period - Stopped by Vitek Vanecek with a rebound.
17:05 of 2nd period - Snap shot by Erik Brannstrom.
17:05 of 2nd period - Stopped by Vitek Vanecek with a rebound.
17:07 of 2nd period - Slapshot by Keith Yandle.
17:07 of 2nd period - Stopped by Vitek Vanecek with a rebound.
17:17 of 2nd period - T.J. Brodie is hit by Parker Kelly.
17:23 of 2nd period - Jason Zucker is hit by Rasmus Dahlin and loses puck.
17:50 of 2nd period - Off-side.
17:51 of 2nd period - Ryan Hartman wins face-off versus Matt Duchene in neutral zone.
18:04 of 2nd period - Wrist shot by Ryan Hartman.
18:04 of 2nd period - Stopped by Vitek Vanecek with a rebound.
18:24 of 2nd period - Slapshot by Colin White.
18:24 of 2nd period - Shot Misses the Net.
18:40 of 2nd period - Rasmus Dahlin is hit by Marco Scandella.
18:45 of 2nd period - Rasmus Dahlin is hit by Marco Scandella and loses puck.
19:18 of 2nd period - Slapshot by Marcus Pettersson.
19:18 of 2nd period - Stopped by Vitek Vanecek with a rebound.
19:20 of 2nd period - Slapshot by Rasmus Dahlin.
19:20 of 2nd period - Shot Misses the Net.
19:27 of 2nd period - Minor Penalty to Evgeny Kuznetsov for Holding Stick.
19:28 of 2nd period - Vincent Trocheck wins face-off versus Robby Fabbri in Coyotes zone.
19:32 of 2nd period - Backhand shot by Pavel Buchnevich.
19:32 of 2nd period - Shot Blocked by Robby Fabbri.
19:34 of 2nd period - Snap shot by Artemi Panarin.
19:34 of 2nd period - Shot Misses the Net.
19:36 of 2nd period - Snap shot by Artemi Panarin.
19:36 of 2nd period - Goal by Artemi Panarin - Coyotes : 0 - Blackhawks : 1.
19:37 of 2nd period - Pavel Buchnevich wins face-off versus Colin White in neutral zone.
19:47 of 2nd period - Minor Penalty to Rasmus Dahlin for Hooking.
19:48 of 2nd period - Matt Duchene wins face-off versus Vincent Trocheck in Blackhawks zone.
Goals for this period are 0 for Coyotes vs 1 for Blackhawks.
Shots for this period are 3 for Coyotes vs 13 for Blackhawks.

3rd period


0:01 of 3rd period - Jason Zucker wins face-off versus Artemi Panarin in neutral zone.
0:14 of 3rd period - Slapshot by Jason Zucker.
0:14 of 3rd period - Shot Misses the Net.
0:34 of 3rd period - Snap shot by Matt Duchene.
0:34 of 3rd period - Shot Misses the Net.
0:44 of 3rd period - Olli Maatta is hit by Vincent Trocheck and loses puck.
1:47 of 3rd period - Penalty to Rasmus Dahlin is over, Rasmus Dahlin is back on ice.
2:01 of 3rd period - Snap shot by Colin White.
2:01 of 3rd period - Stopped by Pyotr Kochetkov without a rebound.
2:02 of 3rd period - Mike Hoffman wins face-off versus Steven Lorentz in Blackhawks zone.
2:19 of 3rd period - Connor Clifton is hit by Nick Jensen and loses puck.
2:28 of 3rd period - Nick Jensen is hit by Patric Hornqvist and loses puck.
2:39 of 3rd period - Slapshot by Patric Hornqvist.
2:39 of 3rd period - Stopped by Pyotr Kochetkov without a rebound.
2:40 of 3rd period - Scott Laughton wins face-off versus Mason McTavish in Blackhawks zone.
2:41 of 3rd period - Snap shot by Jason Zucker.
2:41 of 3rd period - Goal by Jason Zucker - Coyotes : 1 - Blackhawks : 1.
2:42 of 3rd period - Pavel Buchnevich wins face-off versus Colin White in neutral zone.
3:07 of 3rd period - Patric Hornqvist is hit by Colton Sissons and loses puck.
3:23 of 3rd period - Icing by Tom Wilson.
3:24 of 3rd period - Scott Laughton wins face-off versus Mike Hoffman in Blackhawks zone.
3:27 of 3rd period - Snap shot by Alexander Barabanov.
3:27 of 3rd period - Stopped by Pyotr Kochetkov without a rebound.
3:28 of 3rd period - Scott Laughton wins face-off versus Mike Hoffman in Blackhawks zone.
3:29 of 3rd period - Slapshot by Jason Zucker.
3:29 of 3rd period - Goal by Jason Zucker - Coyotes : 2 - Blackhawks : 1.
3:30 of 3rd period - Colin White wins face-off versus Pavel Buchnevich in neutral zone.
3:42 of 3rd period - Snap shot by Jonathan Drouin.
3:42 of 3rd period - Goal by Jonathan Drouin - Coyotes : 3 - Blackhawks : 1.
3:43 of 3rd period - Pavel Buchnevich wins face-off versus Colin White in neutral zone.
3:52 of 3rd period - Backhand shot by Artemi Panarin.
3:52 of 3rd period - Stopped by Vitek Vanecek without a rebound.
3:53 of 3rd period - Colin White wins face-off versus Pavel Buchnevich in Coyotes zone.
3:53 of 3rd period - Jonathan Drouin is hit by Artemi Panarin and loses puck.
4:10 of 3rd period - Wrist shot by Artemi Panarin.
4:10 of 3rd period - Shot Misses the Net.
4:12 of 3rd period - Slapshot by Marcus Pettersson.
4:12 of 3rd period - Shot Blocked by Olli Maatta.
4:14 of 3rd period - Wrist shot by Pavel Buchnevich.
4:14 of 3rd period - Shot Blocked by T.J. Brodie.
4:16 of 3rd period - Slapshot by Rasmus Dahlin.
4:16 of 3rd period - Deflect By Vincent Trocheck.
4:16 of 3rd period - Stopped by Vitek Vanecek without a rebound.
4:17 of 3rd period - Scott Laughton wins face-off versus Ryan Hartman in Coyotes zone.
4:17 of 3rd period - Darnell Nurse is hit by Ryan Hartman.
4:31 of 3rd period - Wrist shot by Tom Wilson.
4:31 of 3rd period - Deflect By Ryan Hartman.
4:31 of 3rd period - Stopped by Vitek Vanecek without a rebound.
4:32 of 3rd period - Steven Lorentz wins face-off versus Pavel Buchnevich in Coyotes zone.
4:32 of 3rd period - Steven Lorentz is hit by Rasmus Dahlin.
4:58 of 3rd period - Tom Wilson is hit by T.J. Brodie and loses puck.
6:23 of 3rd period - Snap shot by Tom Wilson.
6:23 of 3rd period - Stopped by Vitek Vanecek without a rebound.
6:24 of 3rd period - Mason McTavish wins face-off versus Scott Laughton in Coyotes zone.
6:49 of 3rd period - Scott Laughton is hit by Pavel Buchnevich and loses puck.
6:53 of 3rd period - Icing by Jason Zucker.
6:54 of 3rd period - Scott Laughton wins face-off versus Pavel Buchnevich in Coyotes zone.
6:54 of 3rd period - Scott Laughton is hit by Pavel Buchnevich.
7:02 of 3rd period - Snap shot by Alexander Barabanov.
7:02 of 3rd period - Deflect By Vincent Trocheck.
7:02 of 3rd period - Shot Blocked by Erik Brannstrom.
7:02 of 3rd period - Puck is out of play.
7:03 of 3rd period - Colin White wins face-off versus Ryan Hartman in Blackhawks zone.
7:07 of 3rd period - Wrist shot by Robby Fabbri.
7:07 of 3rd period - Deflect By Jonathan Drouin.
7:07 of 3rd period - Stopped by Pyotr Kochetkov without a rebound.
7:08 of 3rd period - Ryan Hartman wins face-off versus Colin White in Blackhawks zone.
7:08 of 3rd period - Ryan Hartman is hit by Darnell Nurse.
7:32 of 3rd period - Robby Fabbri is hit by Tom Wilson.
8:28 of 3rd period - Slapshot by Colin White.
8:28 of 3rd period - Shot Misses the Net.
8:30 of 3rd period - Wrist shot by Jonathan Drouin.
8:30 of 3rd period - Shot Misses the Net.
8:32 of 3rd period - Slapshot by Darnell Nurse.
8:32 of 3rd period - Shot Misses the Net.
8:34 of 3rd period - Snap shot by Jonathan Drouin.
8:34 of 3rd period - Stopped by Pyotr Kochetkov with a rebound.
8:36 of 3rd period - Wrist shot by Colin White.
8:36 of 3rd period - Shot Misses the Net.
8:38 of 3rd period - Wrist shot by Colin White.
8:38 of 3rd period - Shot Misses the Net.
8:40 of 3rd period - Wrist shot by Darnell Nurse.
8:40 of 3rd period - Stopped by Pyotr Kochetkov with a rebound.
8:42 of 3rd period - Snap shot by Darnell Nurse.
8:42 of 3rd period - Stopped by Pyotr Kochetkov with a rebound.
8:44 of 3rd period - Slapshot by Robby Fabbri.
8:44 of 3rd period - Stopped by Pyotr Kochetkov with a rebound.
8:46 of 3rd period - Slapshot by Colin White.
8:46 of 3rd period - Stopped by Pyotr Kochetkov with a rebound.
8:48 of 3rd period - Slapshot by Ivan Provorov.
8:48 of 3rd period - Shot Misses the Net.
8:50 of 3rd period - Slapshot by Ivan Provorov.
8:50 of 3rd period - Shot Misses the Net.
8:54 of 3rd period - Snap shot by Jonathan Drouin.
8:54 of 3rd period - Stopped by Pyotr Kochetkov with a rebound.
9:06 of 3rd period - Snap shot by Colin White.
9:06 of 3rd period - Shot Misses the Net.
9:08 of 3rd period - Slapshot by Ivan Provorov.
9:08 of 3rd period - Stopped by Pyotr Kochetkov without a rebound.
9:09 of 3rd period - Steven Lorentz wins face-off versus Pavel Buchnevich in Blackhawks zone.
9:20 of 3rd period - Wrist shot by Artemi Panarin.
9:20 of 3rd period - Shot Misses the Net.
9:53 of 3rd period - Icing by Jason Zucker.
9:54 of 3rd period - Mason McTavish wins face-off versus Matt Duchene in Coyotes zone.
9:54 of 3rd period - Mason McTavish is hit by Olli Maatta.
9:56 of 3rd period - Slapshot by Rasmus Dahlin.
9:56 of 3rd period - Stopped by Vitek Vanecek with a rebound.
9:58 of 3rd period - Wrist shot by Marcus Pettersson.
9:58 of 3rd period - Deflect By Marian Studenic.
9:58 of 3rd period - Shot Misses the Net.
9:58 of 3rd period - Puck is out of play.
9:59 of 3rd period - Matt Duchene wins face-off versus Mason McTavish in Coyotes zone.
10:06 of 3rd period - Wrist shot by Mason McTavish.
10:06 of 3rd period - Shot Misses the Net.
10:33 of 3rd period - Snap shot by Mason McTavish.
10:33 of 3rd period - Shot Misses the Net.
10:38 of 3rd period - Icing by Connor Clifton.
10:39 of 3rd period - Matt Duchene wins face-off versus Pavel Buchnevich in Coyotes zone.
11:36 of 3rd period - Slapshot by Matt Duchene.
11:36 of 3rd period - Stopped by Pyotr Kochetkov without a rebound.
11:37 of 3rd period - Steven Lorentz wins face-off versus Mike Hoffman in Blackhawks zone.
11:40 of 3rd period - Wrist shot by Colin White.
11:40 of 3rd period - Shot Misses the Net.
12:12 of 3rd period - Keith Yandle is hit by Patric Hornqvist and loses puck.
12:33 of 3rd period - Wrist shot by Steven Lorentz.
12:33 of 3rd period - Deflect By Colin White.
12:33 of 3rd period - Stopped by Pyotr Kochetkov with a rebound.
12:35 of 3rd period - Slapshot by Steven Lorentz.
12:35 of 3rd period - Shot Blocked by Colton Sissons.
12:37 of 3rd period - Wrist shot by Steven Lorentz.
12:37 of 3rd period - Stopped by Pyotr Kochetkov without a rebound.
12:38 of 3rd period - Scott Laughton wins face-off versus Mike Hoffman in Blackhawks zone.
12:50 of 3rd period - Slapshot by Jason Zucker.
12:50 of 3rd period - Stopped by Pyotr Kochetkov without a rebound.
12:51 of 3rd period - Scott Laughton wins face-off versus Mike Hoffman in Blackhawks zone.
13:00 of 3rd period - Snap shot by Alexander Barabanov.
13:00 of 3rd period - Stopped by Pyotr Kochetkov with a rebound.
13:16 of 3rd period - Marcus Pettersson is hit by Marco Scandella and loses puck.
14:08 of 3rd period - Off-side.
14:09 of 3rd period - Mike Hoffman wins face-off versus Steven Lorentz in neutral zone.
14:41 of 3rd period - Backhand shot by Ryan Hartman.
14:41 of 3rd period - Deflect By Steven Lorentz.
14:41 of 3rd period - Shot Blocked by T.J. Brodie.
14:41 of 3rd period - Puck is out of play.
14:42 of 3rd period - Ryan Hartman wins face-off versus Scott Laughton in Coyotes zone.
14:42 of 3rd period - Rasmus Dahlin is hit by Ivan Provorov and loses puck.
14:45 of 3rd period - Slapshot by Marcus Pettersson.
14:45 of 3rd period - Shot Blocked by Alexander Barabanov.
14:47 of 3rd period - Snap shot by Tom Wilson.
14:47 of 3rd period - Shot Misses the Net.
14:56 of 3rd period - Snap shot by Ryan Hartman.
14:56 of 3rd period - Shot Hit the Post.
15:04 of 3rd period - Slapshot by Rasmus Dahlin.
15:04 of 3rd period - Stopped by Vitek Vanecek with a rebound.
15:08 of 3rd period - Wrist shot by Tom Wilson.
15:08 of 3rd period - Shot Misses the Net.
15:10 of 3rd period - Slapshot by Colton Sissons.
15:10 of 3rd period - Shot Misses the Net.
15:12 of 3rd period - Backhand shot by Colton Sissons.
15:12 of 3rd period - Stopped by Vitek Vanecek with a rebound.
15:14 of 3rd period - Slapshot by Erik Brannstrom.
15:14 of 3rd period - Stopped by Vitek Vanecek without a rebound.
15:15 of 3rd period - Steven Lorentz wins face-off versus Mike Hoffman in Coyotes zone.
15:20 of 3rd period - Slapshot by Olli Maatta.
15:20 of 3rd period - Shot Blocked by Rasmus Dahlin.
15:22 of 3rd period - Wrist shot by Patric Hornqvist.
15:22 of 3rd period - Goal by Patric Hornqvist - Coyotes : 4 - Blackhawks : 1.
15:23 of 3rd period - Steven Lorentz wins face-off versus Pavel Buchnevich in neutral zone.
16:15 of 3rd period - Parker Kelly is hit by Darnell Nurse and loses puck.
16:32 of 3rd period - Slapshot by Jake Gardiner.
16:32 of 3rd period - Shot Misses the Net.
16:36 of 3rd period - Snap shot by Colton Sissons.
16:36 of 3rd period - Shot Misses the Net.
16:38 of 3rd period - Snap shot by Colton Sissons.
16:38 of 3rd period - Shot Blocked by Connor Clifton.
16:40 of 3rd period - Slapshot by Colton Sissons.
16:40 of 3rd period - Shot Misses the Net.
16:42 of 3rd period - Wrist shot by Tom Wilson.
16:42 of 3rd period - Shot Blocked by Connor Clifton.
16:44 of 3rd period - Wrist shot by Tom Wilson.
16:44 of 3rd period - Shot Misses the Net.
16:54 of 3rd period - Wrist shot by Patric Hornqvist.
16:54 of 3rd period - Shot Misses the Net.
17:14 of 3rd period - Jason Zucker is hit by Oliver Wahlstrom and loses puck.
17:23 of 3rd period - Wrist shot by Oliver Wahlstrom.
17:23 of 3rd period - Stopped by Vitek Vanecek without a rebound.
17:24 of 3rd period - Colin White wins face-off versus Pavel Buchnevich in Coyotes zone.
17:24 of 3rd period - Colin White is hit by Pavel Buchnevich.
17:32 of 3rd period - Olli Maatta is hit by Artemi Panarin.
17:55 of 3rd period - Minor Penalty to Rasmus Dahlin for Hooking.
17:56 of 3rd period - Artemi Panarin wins face-off versus Scott Laughton in Blackhawks zone.
17:56 of 3rd period - Artemi Panarin is hit by Jason Zucker.
18:03 of 3rd period - Icing by Alexander Barabanov.
18:04 of 3rd period - Scott Laughton wins face-off versus Vincent Trocheck in Coyotes zone.
18:04 of 3rd period - Scott Laughton is hit by Ryan Hartman.
18:28 of 3rd period - Off-side.
18:29 of 3rd period - Artemi Panarin wins face-off versus Tomas Tatar in neutral zone.
18:53 of 3rd period - Wrist shot by Tomas Tatar.
18:53 of 3rd period - Stopped by Pyotr Kochetkov with a rebound.
19:41 of 3rd period - Marcus Pettersson is hit by Darnell Nurse.
19:55 of 3rd period - Penalty to Rasmus Dahlin is over, Rasmus Dahlin is back on ice.
19:56 of 3rd period - Rasmus Dahlin is hit by Tomas Tatar and loses puck.
Goals for this period are 4 for Coyotes vs 0 for Blackhawks.
Shots for this period are 21 for Coyotes vs 9 for Blackhawks.